 Dungeon Crawl Stone Soup version 0.31.0-11-ge490571c62 (webtiles) character file.

Game seed: 14877261323463505094

5 Bobbunny the Sneak (level 1, 0/14 HPs)
             Began as a Formicid Enchanter on Jan 27, 2024.
             Slain by a quokka (4 damage)
             ... on level 1 of the Dungeon.
             The game lasted 00:00:26 (115 turns).

Bobbunny the Sneak (Formicid Enchanter)              Turns: 115, Time: 00:00:27

Health: 0/14       AC:  8    Str: 12    XL:     1   Next: 88%
Magic:  3/3        EV:  6    Int: 14    God:
Gold:   15         SH:  0    Dex: 14    Spells: 4/4 levels left

rFire   . . .        d - +0 whip
rCold   . . .        (no shield)
rNeg    . . .        e - +0 chain mail
rPois   .            (helmet unavailable)
rElec   .            (no cloak)
rCorr   .            (no gloves)
SInv    +            (no boots)
Will    .....        (no amulet) Stlth
                     (no ring)
HPRegen 0.22/turn    (no ring)
MPRegen 0.08/turn

%: no passive effects
@: no status effects
A: permanent stasis, dig shafts and tunnels, antennae 3, four strong arms
a: Dig, Shaft Self


You were on level 1 of the Dungeon.
You visited 1 branch of the dungeon, and saw 1 of its levels.

You collected 15 gold pieces.

Inventory:

Hand Weapons
 a - a +1 dagger
 d - a +0 whip (weapon)
Armour
 b - a +0 robe
 e - a +0 chain mail (worn)
Potions
 c - 2 potions of invisibility


   Skills:
 + Level 0.9 Fighting
 - Level 1.0 Short Blades
 - Level 1.7 Dodging
 + Level 3.9 Stealth
 - Level 2.1 Spellcasting
 - Level 3.6 Hexes


You had 4 spell levels left.
You didn't know any spells.
Your spell library contained the following spells:

 Spells                   Type           Power      Damage    Failure   Level
 Ensorcelled Hibernation  Hex/Ice        12%        N/A       99%         2
 Confusing Touch          Hex            11%        N/A       99%         3
 Tukima's Dance           Hex            11%        N/A       99%         3
 Dazzling Flash           Conj/Hex       12%        N/A       100%        3


Dungeon Overview and Level Annotations

Branches:
Dungeon (1/15)

Altars:


Innate Abilities, Weirdness & Mutations

You cannot be hasted, slowed, berserked, paralysed or teleported.
You can dig through walls and to a lower floor.
You have a pair of large antennae on your head. (SInv)
Your four strong arms can wield two-handed weapons with a shield.


Message History

You are too injured to fight recklessly!
You are too injured to fight recklessly!
You are too injured to fight recklessly!
You are too injured to fight recklessly!
You are too injured to fight recklessly!
You are too injured to fight recklessly!
You are too injured to fight recklessly!
You are too injured to fight recklessly!
You are too injured to fight recklessly!
You are too injured to fight recklessly!
You are too injured to fight recklessly!
You miss the kobold. The kobold barely misses you.
The quokka bites you but does no damage.
The kobold hits you but does no damage.
You barely miss the kobold. The quokka closely misses you.
The kobold barely misses you.
You hit the kobold but do no damage.
The quokka bites you but does no damage.
The kobold hits you but does no damage.
The quokka twitches its whiskers.
The quokka barely misses you.
You closely miss the kobold. The quokka bites you.
The kobold closely misses you.
You hit the kobold.
You kill the kobold!
The quokka bites you but does no damage.
You miss the quokka.
The quokka bites you but does no damage. x2
You hit the quokka.
The quokka is heavily wounded.
The quokka barely misses you.
You hit the quokka.
The quokka is severely wounded.
The quokka bites you but does no damage.
You completely miss the quokka.
The quokka is severely wounded.
The quokka bites you.
* * * LOW HITPOINT WARNING * * *
The quokka bites you.
You die...

##..###... .......... .
####...... .#. # ....##
####... #######.#
#######.....#. #.#.#.#.#
#............. .#.#.#..#
#.............
#.#.#.#.###......r......
.#.#.#.....†....@)......
#.#<#.####......).......
(#.#.#.# #..............
#.#.#.## #..............
.#.#.#.###...>..........
####...................#
########............#
##############


You could see a quokka.

Vanquished Creatures
  A goblin (D:1)
  3 kobolds (D:1)
  A frilled lizard (D:1)
5 creatures vanquished.

Notes
Turn   | Place    | Note
-------+----------+-------------------------------------------
     0 | D:1      | Bobbunny the Formicid Enchanter began the quest for the
                  | Orb.
     0 | D:1      | Reached XP level 1. HP: 13/13 MP: 3/3
   115 | D:1      | Slain by a quokka

Illustrated notes

Levels and vault maps discovered:
D:1:      lightli_arrival_chessboard, layout_basic, serial_shops,
          nicolae_diamond_shop, dreamdust_ecumenical_altar_grove

Action                     || total
---------------------------++-------
  Melee: Whip              ||    14
         Dagger            ||     2
 Armour: Chain mail        ||    18
         Robe              ||     1
  Dodge: Dodged            ||     8
